 Dungeon Crawl Stone Soup version 0.26.0-45-g9c1d065592 (webtiles) character file.

Game seed: 10742967208679081206

(classic levelgen) 338 thiole the Magician (level 6, -10/39 HPs)
             Began as an Octopode Hedge Wizard on Jan 28, 2021.
             Was an Initiate of Gozag.
             Mangled by an ice beast (12 damage)
             ... on level 5 of the Dungeon.
             The game lasted 00:13:42 (5606 turns).

thiole the Magician (Octopode Hedge Wizard)         Turns: 5606, Time: 00:13:43

Health: -10/39     AC:  1    Str: 10    XL:     6   Next: 55%
Magic:  3/12       EV: 13    Int: 18    God:    Gozag
Gold:   120        SH:  0    Dex: 11    Spells: 6/14 levels left

rFire    . . .     SeeInvis .   a - +0 dagger
rCold    . . .     Faith    +   (no shield)
rNeg     . . .     Spirit   .   b - +0 hat
rPois    .         Reflect  .   l - amulet of faith
rElec    .         Harm     .   (no ring)
rCorr    .         Rampage  .   (no ring)
Will     .....                  (no ring)
Stlth    +++.......             (no ring)
HPRegen  0.13/turn              (no ring)
MPRegen  0.13/turn              (no ring)
                                (no ring)
                                (no ring)

@: flying, very slightly contaminated
A: almost no armour, stealthy swim, amphibious, 8 rings, constrict 8, camouflage
1, gelatinous body 1
a: Renounce Religion, Potion Petition, Call Merchant, Bribe Branch


You were on level 5 of the Dungeon.
You worshipped Gozag.
Gozag was aware of your devotion.
You visited 2 branches of the dungeon, and saw 6 of its levels.
You also visited: Sewer.

You collected 199 gold pieces.
You paid 79 gold pieces to Gozag.

Inventory:

Hand Weapons
 a - a +0 dagger (weapon)
Missiles
 i - 4 javelins
 j - 23 sling bullets
 k - 98 stones
Armour
 b - a +0 hat (worn)
Jewellery
 l - an amulet of faith (around mantle)
Wands
 w - a wand of polymorph (11)
Scrolls
 c - 6 scrolls of teleportation
 f - 3 scrolls of fear {unknown}
 g - a scroll of magic mapping
 h - a scroll of remove curse
 m - a scroll of immolation {unknown}
 n - a scroll of blinking {unknown}
 q - 2 scrolls of enchant armour {unknown}
 r - a scroll of amnesia {unknown}
 s - a scroll of identify {unknown}
 t - a scroll of fog {unknown}
 v - a scroll of enchant weapon {unknown}
Potions
 d - 2 potions of degeneration {unknown}
 e - a potion of brilliance {unknown}
 o - 2 potions of heal wounds {unknown}
 p - a potion of invisibility {unknown}
 u - 3 potions of flight


   Skills:
 - Level 2.0 Fighting
 - Level 2.0 Dodging
 - Level 2.6 Stealth
 + Level 4.6 Spellcasting
 - Level 1.0 Conjurations
 - Level 1.0 Summonings
 - Level 1.0 Translocations
 - Level 4.0 Air Magic
 - Level 2.0 Poison Magic


You had 6 spell levels left.
You knew the following spells:

 Your Spells              Type           Power        Failure   Level
a - Magic Dart            Conj           28%          10%         1
b - Blink                 Tloc           N/A          14%         2
c - Call Imp              Summ           7%           14%         2
d - Mephitic Cloud        Conj/Pois/Air  12%          16%         3

Your spell library contained the following spells:

 Spells                   Type           Power        Failure   Level
 Beastly Appendage        Tmut           8%           14%         1
 Slow                     Hex            4%           22%         2
 Wereblood                Tmut           4%           22%         2
 Spider Form              Tmut/Pois      3%           28%         3
 Conjure Flame            Conj/Fire      5%           34%         3
 Ice Form                 Ice/Tmut       4%           80%         4
 Blade Hands              Tmut           2%           98%         5


Dungeon Overview and Level Annotations

Branches:
Dungeon (6/15)             Temple (1/1) D:5           Sewer (visited)

Altars:
Ashenzari
Elyvilon
Gozag
Kikubaaqudgha
Makhleb
Okawaru
Qazlal
Ru
Sif Muna
Trog
Vehumet
Wu Jian
Xom
The Shining One


Innate Abilities, Weirdness & Mutations

You cannot wear most types of armour.
You are very stealthy in the water. (Stealth+)
You are amphibious.
You can wear up to eight rings at the same time.
You can use your tentacles to constrict eight enemies at once.
Your skin changes colour to match your surroundings (Stealth+).
Your rubbery body absorbs attacks. (AC +1, EV +1)


Message History

Your white imp disappears in a puff of smoke!
Casting: Call Imp (safe; 14% risk of failure)
Confirm with . or Enter, or press ? or * to list all spells.
A beastly little devil appears in a puff of flame.
The ice beast hits you. The ice beast freezes you.
Casting: Call Imp (safe; 14% risk of failure)
Confirm with . or Enter, or press ? or * to list all spells.
You miscast Call Imp.
You are very lightly contaminated with residual magic.
Nothing appears to happen.
The ice beast hits you. The ice beast freezes you!
* * * LOW HITPOINT WARNING * * *
Your crimson imp hits the ice beast.
Your crimson imp barely misses the ice beast.
It was a potion of flight.
You feel very buoyant.
You fly up into the air.
The ice beast hits you.
* * * LOW HITPOINT WARNING * * *
The ice beast freezes you!
You die...
Your body crumbles into a pile of gold.

.....#.#..........#####.....+....
.⌠.⌠.#.#..........#.........#....
..>..+.#..........#.........#....
.⌠.⌠.#.#######....#..##...####..#
.....#.# #....#..##...####..#
##+###.# #.5..#..#...........
...# ..# #....+..#.(.........
...# ... +..Y.#..#..........#
...# ..# #..@.#..##.........#
>..# .# #....#####.......... ...+
+....#.......##....# ...#
#....#.......# ....# ...#
#....#..##.......... #### ..
#....#$...#..##...##.....
.+.....##....#....#..###+## ...##
.#...>.......#....#.......# ...##
.##......5...#....+.......+....#.


You could see an ice beast and a friendly crimson imp (summoned).

Vanquished Creatures
  A scorpion (D:5)
  A howler monkey (D:5)
  A bullfrog skeleton (D:5)
  2 howler monkey zombies (D:5)
  3 adders
  An ufetubus (D:5)
  6 worms
  2 dart slugs
  2 leopard geckos (Sewer)
  12 orcs
  2 giant cockroaches (Sewer)
  11 goblins
  6 hobgoblins
  8 jackals
  11 kobolds
  A quokka (D:2)
  A ball python (Sewer)
  13 bats
  2 frilled lizards
  3 rats (D:1)
89 creatures vanquished.

Vanquished Creatures (collateral kills)
  An iguana (D:5)
  A worker ant (D:5)
  A hound zombie (D:6)
  3 gnolls (D:2)
  4 oozes (Sewer)
  A worm (D:2)
  4 orcs
  A giant cockroach (Sewer)
  A kobold (D:2)
17 creatures vanquished.

Grand Total: 106 creatures vanquished

Notes
Turn   | Place    | Note
-------+----------+-------------------------------------------
     0 | D:1      | thiole the Octopode Hedge Wizard began the quest for the
                  | Orb.
     0 | D:1      | Reached XP level 1. HP: 11/11 MP: 4/4
    63 | D:1      | Found an iron altar of Okawaru.
   208 | D:1      | Reached XP level 2. HP: 17/17 MP: 4/6
  1197 | D:1      | Reached XP level 3. HP: 21/21 MP: 5/8
  1577 | D:2      | Found an ornate altar of the Wu Jian Council.
  1637 | D:2      | Learned a level 2 spell: Blink
  1640 | D:2      | Learned a level 2 spell: Call Imp
  1644 | D:2      | Learned a level 3 spell: Mephitic Cloud
  1658 | D:2      | Reached skill level 1 in Fighting
  2640 | D:2      | Reached XP level 4. HP: 18/29 MP: 2/10
  3168 | D:3      | Reached skill level 1 in Air Magic
  3781 | D:3      | You fall into a shaft and drop 3 floors!
  3814 | D:6      | Reached XP level 5. HP: 24/34 MP: 3/11
  3820 | D:5      | Entered Level 5 of the Dungeon
  3830 | D:5      | Found a staircase to the Ecumenical Temple.
  4035 | D:5      | Found a glowing drain.
  4044 | Sewer    | Entered a sewer
  4386 | Sewer    | Reached skill level 1 in Poison Magic
  4464 | Sewer    | Reached XP level 6. HP: 39/39 MP: 7/12
  5061 | Temple   | Entered the Ecumenical Temple
  5159 | Temple   | Became a worshipper of Gozag Ym Sagoz the Greedy
  5484 | D:5      | Noticed an ice beast
  5606 | D:5      | Mangled by an ice beast

Illustrated notes

Levels and vault maps discovered:
D:1:      scummos_arrival_checkerplants, layout_loops_ring,
          okawaru_ov_weapons_minmay
D:2:      layout_basic, nzn_wu_jian_contemplation, minivault_24
D:3:      layout_rooms, lemuel_round_altar, nzn_hepliaklqana_mist_gate
D:5:      layout_gridville, minmay_temple_entry_hall,
          cheibrodos_sewer_entry_bend
D:6:      layout_rooms, gammafunk_ghost_smash, minmay_shop_grid_forest
Temple:   dshaligram_water_room_temple

Skill      XL: |  1  2  3  4  5  6 |
---------------+-------------------+-----
Spellcasting   | 4 |  4.6
Fighting       | 2 |  2.0
Air Magic      | 2 4 |  4.0
Poison Magic   | 1 2 |  2.0
Dodging        | |  2.0
Stealth        | |  2.6
Conjurations   | |  1.0
Summonings     | |  1.0
Translocations | |  1.0

Action                   |  1- 3 |  4- 6 || total
-------------------------+-------+-------++-------
Melee: Dagger            |    26 |    79 ||   105
       Constrict         |     6 |    24 ||    30
       Tentacles         |     4 |    17 ||    21
 Cast: Magic Dart        |    70 |   107 ||   177
       Call Imp          |    11 |    45 ||    56
       Blink             |     1 |     1 ||     2
  Use: Scroll            |     2 |     1 ||     3
       Potion            |       |     3 ||     3
 Stab: Sleeping          |     1 |     3 ||     4
       Distracted        |       |     1 ||     1
Armor: Skin              |     1 |    10 ||    11
Dodge: Dodged            |    25 |    47 ||    72
